 Dungeon Crawl Stone Soup version 0.31-a0-744-gbc345e7fcb (webtiles) character file.

Game seed: 7062575163552215059

1468 GordonOverkill the Fighter (level 8, -17/68 HPs)
             Began as a Barachi Delver on Sept 13, 2023.
             Was a Priest of Elyvilon.
             Demolished by a komodo dragon (22 damage)
             ... on level 7 of the Dungeon.
             The game lasted 00:20:09 (6684 turns).

GordonOverkill the Fighter (Barachi Delver)         Turns: 6684, Time: 00:20:09

Health: -17/68     AC: 15    Str: 15    XL:     8   Next: 77%
Magic:  10/11      EV:  5    Int: 11    God:    Elyvilon [***...]
Gold:   906        SH:  0    Dex: 14    Spells: 7/7 levels left

rFire   . . .        i - +0 war axe
rCold   . . .        (no shield)
rNeg    . . .        h - +0 plate armour
rPois   .            p - +0 helmet
rElec   +            q - +0 cloak
rCorr   .            r - +0 pair of gloves
SInv    +            (no boots)
Will    ++...        (no amulet) Stlth
                     n - ring of willpower
HPRegen 0.31/turn    u - ring "Zukkeammir" {rElec Will+ SInv}
MPRegen 0.12/turn

%: no passive effects
@: unable to hop, slow
A: amphibious, slowness 1, strong legs 1, +LOS
a: Hop, Renounce Religion, Purification, Heal Other, Heal Self


You were on level 7 of the Dungeon.
You worshipped Elyvilon.
Elyvilon was most pleased with you.
You visited 1 branch of the dungeon, and saw 7 of its levels.

You collected 1053 gold pieces.
You spent 147 gold pieces at shops.

Inventory:

Hand Weapons
 a - a +0 hand axe
 i - a +0 war axe (weapon)
 k - a +1 mace of holy wrath
Missiles
 b - 3 poisoned darts
 j - a datura-tipped dart (quivered)
Armour
 h - a +0 plate armour (worn)
 p - a +0 helmet (worn)
 q - a +0 cloak (worn)
 r - a +0 pair of gloves (worn)
 A - a scarf of resistance
Jewellery
 e - an amulet of guardian spirit
 n - a ring of willpower (left hand)
 u - the ring "Zukkeammir" (right hand) {rElec Will+ SInv}
   (You found it on level 4 of the Dungeon)

   [ring of willpower]

   rElec:     It insulates you from electricity.
   Will+:     It increases your willpower.
   SInv:      It lets you see invisible.
Wands
 g - a wand of digging (5)
 y - a wand of charming (6)
Scrolls
 c - 2 scrolls of fog
 d - a scroll of revelation
 f - 2 scrolls of blinking
 m - 2 scrolls of vulnerability
Potions
 l - a potion of resistance
 o - a potion of mutation


   Skills:
 + Level 8.0 Fighting
 - Level 7.0 Axes
 - Level 1.0 Throwing
 - Level 4.0 Armour
 - Level 2.1 Dodging
 - Level 4.5 Stealth
 - Level 4.0 Invocations
 - Level 2.0 Evocations


You had 7 spell levels left.
You didn't know any spells.
Your spell library contained the following spells:

 Spells                   Type           Power      Damage    Failure   Level
 Blink                    Tloc           0%         N/A       100%        2
 Lesser Beckoning         Tloc           0%         N/A       100%        2
 Momentum Strike          Conj/Tloc      0%         3d8       100%        2
 Manifold Assault         Tloc           0%         N/A       100%        4


Dungeon Overview and Level Annotations

Branches:
Dungeon (7/15)             Temple (0/1) D:6

Altars:
Cheibriados
Elyvilon
Gozag
Wu Jian

Shops:
D:2 [   D:4 :

Annotations:
D:3 2 transporters, Beaer's ghost, amateur DgSh
D:5 Prince Ribbit


Innate Abilities, Weirdness & Mutations

You are amphibious.
You cover ground slowly.
You can hop short distances.
You have an extended range of vision and can be seen from far away.


Message History

Aim: a howler monkey (almost dead, chance to affect: 63%)
The howler monkey is charmed.
The komodo dragon bites your howler monkey!!
Elyvilon protects your howler monkey from harm!
What are your orders? t - Croak!
Orders for allies: a - Attack new target. p - Attack previous target. r - Retreat! s - Stop attacking. g - Guard the area. f - Follow me.
Anything else - Cancel.
Gang up on whom?
Press: ? - help, Dir - move target, f - komodo dragon, p - howler monkey
Aim: a komodo dragon (ally target) Attack!
Your howler monkey hits the komodo dragon.
Your sky beast hits the komodo dragon but does no damage.
The komodo dragon bites your howler monkey!!
Your howler monkey dies!
Training target 4.0 for Invocations reached!
Your Invocations skill increases to level 4!
You need to enable at least one skill for training.
You feel better.
Your sky beast barely misses the komodo dragon.
You feel better.
The komodo dragon bites you but does no damage.
You slash the komodo dragon!
The komodo dragon is lightly wounded.
The komodo dragon bites you!!
* * * LOW HITPOINT WARNING * * *
Your sky beast hits the komodo dragon but does no damage.
You closely miss the komodo dragon.
The komodo dragon is lightly wounded.
The komodo dragon completely misses you.
Your sky beast hits the komodo dragon but does no damage.
You hit the komodo dragon but do no damage.
The komodo dragon is lightly wounded.
Your sky beast hits the komodo dragon.
Your sky beast shocks the komodo dragon.
The komodo dragon bites you!!
You die...

######
#....#########
#.........Yl@#
#....#...#####
#..h.+...#
#####....#####
..........#
.......l..#
..........#
.....Y....#
....).....#


You could see a komodo dragon (ally target) and a friendly sky beast (charmed,
invisible).

Vanquished Creatures
  A steam dragon (D:6)
  2 black bears
  An ice beast (D:3)
  A phantom (D:6)
  A bullfrog (D:6)
  2 scorpions
  A hound (D:5)
  3 jellies
  An orc priest (D:6)
  A sleepcap (D:5)
  Jessica (D:3)
  4 iguanas
  4 orc wizards
  9 gnolls
  3 adders
  2 white imps
  An ufetubus (D:6)
  A worm (D:2)
  5 dart slugs
  5 orcs
  5 bats
  7 endoplasms
  2 giant cockroaches
  6 goblins
  8 hobgoblins
  8 jackals
  6 quokkas
  5 ball pythons
  3 frilled lizards
  14 kobolds
  5 rats
118 creatures vanquished.

Vanquished Creatures (collateral kills)
  A centaur (D:7)
  An orc priest (D:6)
  An orc wizard (D:6)
  An adder (D:3)
  3 orcs
7 creatures vanquished.

Vanquished Creatures (others)
  An ice beast (D:7)
  A bullfrog (D:6)
  A howler monkey (D:7)
  An orc (D:3)
  A butterfly (D:5)
5 creatures vanquished.

Grand Total: 130 creatures vanquished

Notes
Turn   | Place    | Note
-------+----------+-------------------------------------------
     0 | D:5      | GordonOverkill the Barachi Delver began the quest for the
                  | Orb.
     0 | D:5      | Reached XP level 1. HP: 18/18 MP: 1/1
    37 | D:6      | Reached skill level 4 in Fighting
    69 | D:6      | Noticed a wight
   103 | D:5      | Noticed an iguana
   127 | D:5      | Found a white marble altar of Elyvilon.
   132 | D:5      | Became a worshipper of Elyvilon the Healer
   155 | D:4      | Noticed a black bear
   158 | D:4      | Noticed a scorpion
   169 | D:3      | Noticed an ice beast
   169 | D:3      | Found an opulent altar of Gozag.
   185 | D:3      | Found a transporter.
   185 | D:3      | Noticed a kobold brigand
   188 | D:3      | Noticed Beaer's ghost (amateur DgSh)
   218 | D:3      | Found a snail-covered altar of Cheibriados.
   222 | D:3      | Noticed Jessica
   274 | D:3      | Reached XP level 2. HP: 25/25 MP: 2/2
   309 | D:3      | Killed Jessica
   310 | D:3      | Reached XP level 3. HP: 4/30 MP: 3/3
   702 | D:2      | Reached * piety under Elyvilon
   772 | D:1      | Reached XP level 4. HP: 38/38 MP: 4/4
  1255 | D:2      | Reached ** piety under Elyvilon
  1353 | D:2      | Reached skill level 5 in Fighting
  1427 | D:2      | Reached skill level 1 in Throwing
  1778 | D:2      | Found Etzytem's Armour Emporium.
  1792 | D:2      | Bought a +0 helmet for 49 gold pieces
  1792 | D:2      | Bought a +0 cloak for 49 gold pieces
  1792 | D:2      | Bought a +0 pair of gloves for 49 gold pieces
  2081 | D:3      | Elyvilon protects you from harm!
  2086 | D:3      | Killed an ice beast
  2087 | D:3      | Reached skill level 1 in Invocations
  2087 | D:3      | Reached XP level 5. HP: 19/44 MP: 5/5
  2167 | D:3      | Reached XP level 6. HP: 13/51 MP: 5/7
  2558 | D:3      | Found an ornate altar of the Wu Jian Council.
  2679 | D:3      | Found a transporter.
  2919 | D:4      | Found Itoenida's Book Boutique.
  3186 | D:3      | Reached skill level 5 in Axes
  3445 | D:4      | Killed a black bear
  3446 | D:4      | Reached skill level 6 in Fighting
  3446 | D:4      | Reached XP level 7. HP: 54/58 MP: 8/8
  3621 | D:4      | Identified the ring "Zukkeammir" {rElec Will+ SInv}
  4472 | D:5      | Reached skill level 7 in Fighting
  4774 | D:5      | Noticed Prince Ribbit
  5270 | D:6      | Reached *** piety under Elyvilon
  5296 | D:6      | Found a staircase to the Ecumenical Temple.
  5326 | D:6      | Reached XP level 8. HP: 65/67 MP: 10/10
  5539 | D:6      | Reached skill level 8 in Fighting
  6612 | D:6      | Identified a scroll of acquirement
  6612 | D:6      | Acquired 740 gold pieces
  6656 | D:7      | Noticed a komodo dragon
  6660 | D:7      | HP: 3/68 [ice beast (8)]
  6684 | D:7      | Demolished by a komodo dragon

Illustrated notes

Levels and vault maps discovered:
D:1:      ncdulo_watergridlock, layout_rooms
D:2:      minmay_evil_eye, layout_loops_cross, serial_shops,
          nicolae_shop_rolling_square
D:3:      layout_rooms, nicolae_overflow_hidden_temple,
          nicolae_overflow_crystal_walls,
          mainiacjoe_overflow_concentric_impassable, gammafunk_ghost_arena,
          glass_columns_a, uniq_jessica
D:4:      layout_rooms, serial_shops, nicolae_shop_tiny_waterfront, st_stairs_8
D:5:      layout_rooms, nicolae_elyvilon_peaceful_grove, uniq_prince_ribbit1
D:6:      nicolae_cairo_tiling_large, layout_loops_corners, zin_scriptorium,
          temple_statues
D:7:      layout_gridville, nicolae_take_the_stairs

Skill      XL: |  1  2  3  4  5  6  7  8 |
---------------+-------------------------+-----
Fighting       | 4 5 6 7 8 |  8.0
Axes           | 3 4 5 6 7 |  7.0
Throwing       | 1 |  1.0
Armour         | 2 4 |  4.0
Evocations     | 2 |  2.0
Invocations    | 1 2 3 4 |  4.0
Dodging        | |  2.1
Stealth        | |  4.5

Action                     |  1- 3 |  4- 6 |  7- 9 || total
---------------------------+-------+-------+-------++-------
  Melee: Hand axe          |    84 |   256 |   296 ||   636
         Punch             |       |     2 |     7 ||     9
         War axe           |       |       |     4 ||     4
  Throw: Dart              |       |     7 |    18 ||    25
 Invoke: Purification      |       |     3 |       ||     3
         Heal Self         |       |       |     5 ||     5
Ability: Hop               |     2 |     2 |     5 ||     9
  Evoke: Wand              |     1 |     4 |     5 ||    10
    Use: Scroll            |     1 |     8 |    10 ||    19
         Potion            |     1 |     5 |     3 ||     9
 Armour: Leather armour    |     4 |       |       ||     4
         Plate armour      |    92 |   326 |   390 ||   808
         Skin              |       |     8 |       ||     8
  Dodge: Dodged            |    40 |    49 |    88 ||   177

Table legend: (Time is in decaauts)
 A = Elapsed time spent in this place.
 B = Non-inter-level travel time spent in this place.
 C = Inter-level travel time spent in this place.
 D = Time resting spent in this place.
 E = Time spent auto-exploring this place.
 F = Levels seen in this place.
 G = Mean time per level.
                   A        B        C        D        E       F      G
               +--------+--------+--------+--------+--------+-----+--------+
         Total |   7347 |   7043 |    304 |   2416 |   2446 |   7 | 1049.6 |
       Dungeon |   7347 |   7043 |    304 |   2416 |   2446 |   7 | 1049.6 |
               +--------+--------+--------+--------+--------+-----+--------+

Top non-repeatable levels by time:
     D:3: 1709 daAuts
     D:6: 1658 daAuts
     D:2: 1262 daAuts
     D:5: 1216 daAuts
     D:4: 844 daAuts
     D:1: 608 daAuts
     D:7: 47 daAuts
